Icehogs vs Bears

Created - March 19, 2023 at 19:38

Goals
1 2 3 T
Icehogs 0 2 2 4
Bears 1 2 2 5
Shots
1 2 3 T
Icehogs 9 16 12 37
Bears 6 12 17 35

1st period

1. Bears , Nicolas Aube-Kubel 24 (A.J. Jenks 21) at 9:22

Penalties :
No Penalty

2nd period

2. Bears , Austin Czarnik 6 (Zach Stepan 19) at 6:27 (PP)
3. Bears , Austin Czarnik 7 (Mikko Vainonen 21) at 9:42
4. Icehogs , Hudson Fasching 15 (Tanner Richard 25) at 10:02
5. Icehogs , Frederik Gauthier 30 (J.T. Brown 22, Andrew Mangiapane 18) at 13:34

Penalties :
Hudson Fasching (Roc) for High sticking (Minor) at 5:55, Andrew Mangiapane (Roc) for Interference (Minor) at 14:23

3rd period

6. Icehogs , Nikita Scherbak 6 (Nick Paul 7, Michael Chaput 16) at 3:26
7. Bears , Jamie McGinn 14 (Austin Wuthrich 13, Sam Carrick 37) at 13:00
8. Icehogs , Patrick Russell 3 (Patrick Sieloff 14, Myles Bell 14) at 15:33
9. Bears , Mike Hoffman 17 (Mikko Vainonen 22, Sam Carrick 38) at 19:26

Penalties :
Derek Forbort (Her) for High sticking (Minor) at 10:46, Mike Reilly (Roc) for Holding (Minor) at 13:05, Joey Laleggia (Her) for Holding (Minor) at 17:19

Goalie Stats

Mark Visentin (Roc), 30 saves from 35 shots - (0.857), L, 27-11-7, 59:30 minutes
Sami Aittokallio (Her), 33 saves from 37 shots - (0.892), W, 10-6-2, 60:00 minutes

Players Stats for Icehogs

Player Name              G  A  P  +/- PIM S  H  SB GA TA FO     MP     PP MP  PK MP  
------------------------------------------------------------------------------------
Andrew Mangiapane        0  1  1   0  2   1  2  1  1  0  0/0    21:07   2:09   0:41 
Andrew Poturalski        0  0  0   0  0   0  0  0  0  0  0/0     0:00   0:00   0:00 
Calle Andersson          0  0  0   0  0   0  1  0  0  1  0/0     5:38   0:00   0:18 
Dillon Dube              0  0  0   1  0   0  1  0  1  0  0/1     7:38   0:00   0:00 
Duncan Siemens           0  0  0   1  0   0  1  0  1  0  0/0    11:47   0:00   0:06 
Frederik Gauthier        1  0  1   0  0   7  1  0  1  0  20/34  22:17   2:09   2:44 
Hudson Fasching          1  0  1   0  2   2  3  0  0  0  1/1    16:19   1:49   0:00 
J.T. Brown               0  1  1   0  0   5  2  1  0  0  1/1    20:34   2:09   1:01 
Jeremy Davies            0  0  0   1  0   0  0  0  0  0  0/0    12:21   0:00   0:56 
JJ. Piccinich            0  0  0   0  0   0  0  0  0  0  0/0     1:23   0:00   1:23 
Julius Honka             0  0  0  -1  0   0  0  4  0  0  0/0    20:27   2:26   1:26 
Mattias Janmark          0  0  0   0  0   0  0  0  0  0  0/0     1:01   0:00   0:07 
Michael Chaput           0  1  1  -1  0   7  2  0  0  0  0/4    12:28   0:00   0:29 
Mike Reilly              0  0  0   0  2   2  1  0  1  0  0/0    22:02   1:32   1:50 
Mikhail Grigorenko       0  0  0   0  0   2  2  0  1  0  0/0    16:20   1:49   0:00 
Myles Bell               0  1  1   1  0   2  1  0  1  0  0/0     7:38   0:00   0:00 
Nick Mattson             0  0  0   0  0   1  0  0  0  1  0/0    27:33   1:32   2:58 
Nick Paul                0  1  1  -1  0   2  0  0  5  0  0/0    10:49   0:00   0:00 
Nikita Scherbak          1  0  1  -1  0   2  1  1  0  0  0/0    10:49   0:00   0:00 
Patrick Russell          1  0  1   1  0   1  0  0  0  0  0/0     7:38   0:00   0:00 
Patrick Sieloff          0  1  1  -1  0   1  0  3  0  0  0/0    20:27   2:26   1:26 
Tanner Richard           0  1  1   0  0   2  0  1  2  1  3/9    19:11   1:49   2:35 

Players Stats for Bears

Player Name              G  A  P  +/- PIM S  H  SB GA TA FO     MP     PP MP  PK MP  
------------------------------------------------------------------------------------
A.J. Jenks               0  1  1  -1  0   2  2  0  0  0  1/1    20:07   2:22   1:26 
Angelo Esposito          0  0  0   1  0   3  1  0  0  0  1/5    12:07   0:00   0:47 
Austin Czarnik           2  0  2   1  0   7  1  1  1  0  1/1    13:44   2:08   0:00 
Austin Wuthrich          0  1  1   0  0   1  1  0  0  1  0/0     9:11   0:00   0:00 
Derek Forbort            0  0  0  -2  2   2  1  0  0  0  0/0    26:17   2:13   1:11 
Gianluca Curcuruto       0  0  0  -1  0   0  0  3  1  1  0/0    14:02   0:00   2:13 
Jamie McGinn             1  0  1   0  0   4  1  0  0  0  0/1     9:44   0:00   0:00 
Joey Laleggia            0  0  0  -1  2   2  2  0  0  2  0/0    26:16   2:13   1:05 
Joshua Leivo             0  0  0  -1  0   4  0  3  0  1  0/1    18:04   2:22   1:57 
Kerby Rychel             0  0  0  -1  0   1  1  0  0  0  0/1    13:45   0:00   0:00 
Michael Prapavessis      0  0  0   1  0   0  0  1  0  3  0/0    12:43   0:00   0:31 
Mike Hoffman             1  0  1   2  0   3  1  0  0  1  0/0    14:27   2:08   0:35 
Mikko Vainonen           0  2  2   3  0   2  1  1  0  1  0/0    20:45   2:17   1:36 
Nicolas Aube-Kubel       1  0  1  -1  0   2  1  1  1  0  2/2    18:48   0:00   1:59 
Sam Carrick              0  2  2   0  0   2  3  0  0  1  12/26  20:34   2:22   1:12 
Tommy Vannelli           0  0  0   1  0   0  0  3  0  1  0/0    20:06   2:17   1:20 
Vincent Dunn             0  0  0   0  0   0  0  0  0  1  2/2     9:11   0:00   0:00 
Zach Stepan              0  1  1  -1  0   0  0  0  0  1  6/10   16:09   2:08   0:00 

3 Stars

1 - Austin Czarnik (Her)
2 - Mikko Vainonen (Her)
3 - Mike Hoffman (Her)

Power Play

Icehogs - 0 on 2 Attempt(s) - 0.00%
Bears - 1 on 3 Attempt(s) - 33.33%

Penalty Kill

Icehogs - 2 on 3 Attempt(s) - 66.67% - Score 0 goal in Penalty Kill
Bears - 2 on 2 Attempt(s) - 100.00% - Score 0 goal in Penalty Kill

Team Stat

Icehogs - Hits : 18 - Faceoff Wins : 25 - Blocked Shots : 11 - Penalty Minutes : 6
Bears - Hits : 16 - Faceoff Wins : 25 - Blocked Shots : 13 - Penalty Minutes : 4

Official

Referees : Dean Morton and Jacob Brenk
Linesman : Tony Sericolo and Bryan Pancich

Game Notes

No Game Note

Finance

Level 1 -- Attendance: 2000 (100.00%) -- Ticket Income $70,000
Level 2 -- Attendance: 909 (90.90%) -- Ticket Income $13,635
Total Attendance: 2909 (96.97%)
Total Ticket Income: $83,635
Other Income: $4,182
Total Income: $87,817

Icehogs

5 vs 5 Forward 
   Center                   Left Wing                Right Wing               Time % Phy DF OF 
 1 Frederik Gauthier        Andrew Mangiapane        J.T. Brown               40     1   2  2  
 2 Tanner Richard           Mikhail Grigorenko       Hudson Fasching          30     1   2  2  
 3 Michael Chaput           Nick Paul                Nikita Scherbak          20     1   2  2  
 4 Dillon Dube              Myles Bell               Patrick Russell          10     1   2  2  

5 vs 5 Defense 
   Defense                  Defense                                           Time % Phy DF OF 
 1 Nick Mattson             Mike Reilly                                       40     1   2  2  
 2 Julius Honka             Patrick Sieloff                                   30     1   2  2  
 3 Duncan Siemens           Jeremy Davies                                     20     1   2  2  
 4 Calle Andersson          Nick Mattson                                      10     1   2  2  

PowerPlay Forward 
   Center                   Left Wing                Right Wing               Time % Phy DF OF 
 1 Frederik Gauthier        Andrew Mangiapane        J.T. Brown               60     1   2  2  
 2 Tanner Richard           Mikhail Grigorenko       Hudson Fasching          40     1   2  2  

PowerPlay Defense
   Defense                  Defense                                           Time % Phy DF OF 
 1 Nick Mattson             Mike Reilly                                       60     1   2  2  
 2 Julius Honka             Patrick Sieloff                                   40     1   2  2  

Penalty Kill 4 Players Forward 
   Center                   Wing                     Time % Phy DF OF 
 1 Frederik Gauthier        Tanner Richard           60     1   2  2  
 2 J.T. Brown               Andrew Mangiapane        40     1   2  2  

Penalty Kill 4 Players Defense
   Defense                  Defense                  Time % Phy DF OF 
 1 Nick Mattson             Mike Reilly              60     1   2  2  
 2 Julius Honka             Patrick Sieloff          40     1   2  2  

Penalty Kill - 3 Players Forward 
   Forward                                           Time % Phy DF OF 
 1 Frederik Gauthier                                 60     1   2  2  
 2 Tanner Richard                                    40     1   2  2  

Penalty Kill - 3 Players Defense
   Defense                  Defense                  Time % Phy DF OF 
 1 Nick Mattson             Mike Reilly              60     1   2  2  
 2 Julius Honka             Patrick Sieloff          40     1   2  2  

4 vs 4 Forward 
   Center                   Wing                     Time % Phy DF OF 
 1 Frederik Gauthier        Tanner Richard           60     1   2  2  
 2 J.T. Brown               Andrew Mangiapane        40     1   2  2  

4 vs 4 Defense
   Defense                  Defense                  Time % Phy DF OF 
 1 Nick Mattson             Mike Reilly              60     1   2  2  
 2 Julius Honka             Patrick Sieloff          40     1   2  2  

Last Minutes Offensive
   Center                   Left Wing                Right Wing               Defense                  Defense                  
   Frederik Gauthier        Andrew Mangiapane        J.T. Brown               Nick Mattson             Mike Reilly              

Last Minutes Defensive
   Center                   Left Wing                Right Wing               Defense                  Defense                  
   Frederik Gauthier        Andrew Mangiapane        J.T. Brown               Nick Mattson             Mike Reilly              

Goaltenders
Starting : Mark Visentin            
Backup : Mackenzie Blackwood      

Extra Forwards
Normal : Mattias Janmark, Andrew Poturalski, JJ. Piccinich - PP : Mattias Janmark, Andrew Poturalski - PK : JJ. Piccinich
Extra Defensemen
Normal : Duncan Siemens, Jeremy Davies, Calle Andersson - PP : Duncan Siemens - PK : Jeremy Davies, Calle Andersson
Penalty Shots
Frederik Gauthier, Tanner Richard, J.T. Brown, Andrew Mangiapane, Michael Chaput

Scratches
Clark Bishop (Healthy), Kristian Reichel (Healthy), Kurtis Gabriel (Healthy), Ross Johnston (Healthy), Zach Whitecloud (Healthy)
Jackson Cates (Healthy), Mitchell Chaffee (Healthy), Michael Giugovaz (Healthy), Jack LaFontaine (Healthy)

Bears

5 vs 5 Forward 
   Center                   Left Wing                Right Wing               Time % Phy DF OF 
 1 Sam Carrick              A.J. Jenks               Nicolas Aube-Kubel       35     0   0  5  
 2 Zach Stepan              Kerby Rychel             Joshua Leivo             30     0   0  5  
 3 Angelo Esposito          Mike Hoffman             Austin Czarnik           25     0   1  4  
 4 Vincent Dunn             Jamie McGinn             Austin Wuthrich          10     0   2  3  

5 vs 5 Defense 
   Defense                  Defense                                           Time % Phy DF OF 
 1 Joey Laleggia            Derek Forbort                                     40     0   2  3  
 2 Mikko Vainonen           Tommy Vannelli                                    30     0   3  2  
 3 Gianluca Curcuruto       Michael Prapavessis                               20     0   4  1  
 4 Joey Laleggia            Derek Forbort                                     10     1   2  2  

PowerPlay Forward 
   Center                   Left Wing                Right Wing               Time % Phy DF OF 
 1 Sam Carrick              A.J. Jenks               Joshua Leivo             60     0   5  0  
 2 Zach Stepan              Mike Hoffman             Austin Czarnik           40     0   0  5  

PowerPlay Defense
   Defense                  Defense                                           Time % Phy DF OF 
 1 Joey Laleggia            Derek Forbort                                     60     0   2  3  
 2 Mikko Vainonen           Tommy Vannelli                                    40     0   2  3  

Penalty Kill 4 Players Forward 
   Center                   Wing                     Time % Phy DF OF 
 1 Nicolas Aube-Kubel       Joshua Leivo             60     0   4  1  
 2 Sam Carrick              Mike Hoffman             40     0   4  1  

Penalty Kill 4 Players Defense
   Defense                  Defense                  Time % Phy DF OF 
 1 Joey Laleggia            Derek Forbort            60     0   4  1  
 2 Mikko Vainonen           Tommy Vannelli           40     0   4  1  

Penalty Kill - 3 Players Forward 
   Forward                                           Time % Phy DF OF 
 1 Sam Carrick                                       60     0   5  0  
 2 Zach Stepan                                       40     0   5  0  

Penalty Kill - 3 Players Defense
   Defense                  Defense                  Time % Phy DF OF 
 1 Joey Laleggia            Derek Forbort            60     0   5  0  
 2 Mikko Vainonen           Tommy Vannelli           40     0   5  0  

4 vs 4 Forward 
   Center                   Wing                     Time % Phy DF OF 
 1 Nicolas Aube-Kubel       Joshua Leivo             60     0   0  5  
 2 Sam Carrick              Mike Hoffman             40     0   0  5  

4 vs 4 Defense
   Defense                  Defense                  Time % Phy DF OF 
 1 Joey Laleggia            Derek Forbort            60     0   2  3  
 2 Mikko Vainonen           Tommy Vannelli           40     0   2  3  

Last Minutes Offensive
   Center                   Left Wing                Right Wing               Defense                  Defense                  
   Sam Carrick              A.J. Jenks               Nicolas Aube-Kubel       Joey Laleggia            Derek Forbort            

Last Minutes Defensive
   Center                   Left Wing                Right Wing               Defense                  Defense                  
   Sam Carrick              Jamie McGinn             Nicolas Aube-Kubel       Joey Laleggia            Derek Forbort            

Goaltenders
Starting : Sami Aittokallio         
Backup : Jake Allen               

Extra Forwards
Normal : Sam Carrick, A.J. Jenks, Joshua Leivo - PP : Sam Carrick, Austin Czarnik - PK : Sam Carrick
Extra Defensemen
Normal : Joey Laleggia, Derek Forbort, Gianluca Curcuruto - PP : Joey Laleggia - PK : Joey Laleggia, Derek Forbort
Penalty Shots
Joshua Leivo, Nicolas Aube-Kubel, A.J. Jenks, Sam Carrick, Jamie McGinn

Scratches
Brett Bulmer (Healthy), Colby Cave (Healthy), Emil Johansson (Healthy), Jesper Pettersson (Healthy), David Farrance (Healthy)
Mackenze Stewart (Healthy), Zack Hayes (Healthy), Jacob Bryson (Healthy), Mario Ferraro (Healthy), Will Reilly (Healthy)
Kristians Rubins (Healthy), Nikolay Prokhorkin (Healthy), Ryan Graves (Healthy), Isaac Ratcliffe (Healthy), Cole Smith (Healthy)
Warren Foegele (Healthy), Logan O'Connor (Healthy), Nicholas Caamano (Healthy), Jakob Stenqvist (Healthy), Arvid Henrikson (Healthy)
Kirill Maksimov (Healthy)

% Time on Ice - Icehogs

Lines # - Real PCT - Wanted PCT - Time Play
Normal Forward
1 - 35% - 40% - 18:01
2 - 28% - 30% - 14:31
3 - 21% - 20% - 10:49
4 - 15% - 10% - 7:38
Normal Defense
1 - 36% - 40% - 18:08
2 - 33% - 30% - 16:35
3 - 22% - 20% - 11:25
4 - 10% - 10% - 4:51
PP Forward
1 - 54% - 60% - 2:09
2 - 46% - 40% - 1:49
PP Defense
1 - 39% - 60% - 1:32
2 - 61% - 40% - 2:26
PK Forward
1 - 77% - 60% - 3:29
2 - 23% - 40% - 1:01
PK Defense
1 - 68% - 60% - 3:04
2 - 32% - 40% - 1:26
PK3 Forward
1 - 0% - 60%
2 - 0% - 40%
PK3 Defense
1 - 0% - 60%
2 - 0% - 40%
44 Forward
1 - 0% - 60%
2 - 0% - 40%
44 Defense
1 - 0% - 60%
2 - 0% - 40%
Last Minute Offensive  - 0:33
Last Minute Defensive  - 0:00
Total
Forward - 60:00
Defense - 60:00

% Time on Ice - Bears

Lines # - Real PCT - Wanted PCT - Time Play
Normal Forward
1 - 32% - 35% - 16:19
2 - 28% - 30% - 14:09
3 - 22% - 25% - 11:20
4 - 18% - 10% - 9:11
Normal Defense
1 - 38% - 40% - 19:19
2 - 32% - 30% - 16:29
3 - 23% - 20% - 11:49
4 - 7% - 10% - 3:22
PP Forward
1 - 53% - 60% - 2:22
2 - 47% - 40% - 2:08
PP Defense
1 - 49% - 60% - 2:13
2 - 51% - 40% - 2:17
PK Forward
1 - 85% - 60% - 3:23
2 - 15% - 40% - 0:35
PK Defense
1 - 66% - 60% - 2:38
2 - 34% - 40% - 1:20
PK3 Forward
1 - 0% - 60%
2 - 0% - 40%
PK3 Defense
1 - 0% - 60%
2 - 0% - 40%
44 Forward
1 - 0% - 60%
2 - 0% - 40%
44 Defense
1 - 0% - 60%
2 - 0% - 40%
Last Minute Offensive  - 0:00
Last Minute Defensive  - 0:33
Total
Forward - 60:00
Defense - 60:00

Play-by-Play

1st period


0:01 of 1st period - Sam Carrick wins face-off versus Frederik Gauthier in neutral zone.
0:31 of 1st period - Snap shot by Kerby Rychel.
0:31 of 1st period - Shot Misses the Net.
2:20 of 1st period - Wrist shot by Austin Czarnik.
2:20 of 1st period - Shot Misses the Net.
2:32 of 1st period - Snap shot by Jamie McGinn.
2:32 of 1st period - Shot Misses the Net.
3:10 of 1st period - Derek Forbort is hit by Hudson Fasching and loses puck.
3:20 of 1st period - Backhand shot by Joshua Leivo.
3:20 of 1st period - Stopped by Mark Visentin without a rebound.
3:21 of 1st period - Frederik Gauthier wins face-off versus Sam Carrick in Icehogs zone.
3:21 of 1st period - Frederik Gauthier is hit by Sam Carrick.
3:31 of 1st period - Wrist shot by J.T. Brown.
3:31 of 1st period - Shot Misses the Net.
4:35 of 1st period - Snap shot by Nicolas Aube-Kubel.
4:35 of 1st period - Shot Misses the Net.
4:49 of 1st period - Julius Honka is hit by Austin Wuthrich and loses puck.
6:03 of 1st period - Icing by Duncan Siemens.
6:04 of 1st period - Frederik Gauthier wins face-off versus Jamie McGinn in Icehogs zone.
6:57 of 1st period - Wrist shot by Nick Paul.
6:57 of 1st period - Stopped by Sami Aittokallio without a rebound.
6:58 of 1st period - Zach Stepan wins face-off versus Michael Chaput in Bears zone.
7:12 of 1st period - Wrist shot by Nikita Scherbak.
7:12 of 1st period - Stopped by Sami Aittokallio with a rebound.
7:14 of 1st period - Snap shot by Michael Chaput.
7:14 of 1st period - Stopped by Sami Aittokallio with a rebound.
7:16 of 1st period - Slapshot by Mike Reilly.
7:16 of 1st period - Deflect By Nick Paul.
7:16 of 1st period - Shot Blocked by Michael Prapavessis.
7:16 of 1st period - Puck is out of play.
7:17 of 1st period - Frederik Gauthier wins face-off versus Angelo Esposito in Bears zone.
7:22 of 1st period - Snap shot by Andrew Mangiapane.
7:22 of 1st period - Stopped by Sami Aittokallio with a rebound.
7:24 of 1st period - Snap shot by Frederik Gauthier.
7:24 of 1st period - Stopped by Sami Aittokallio with a rebound.
7:26 of 1st period - Slapshot by Nick Mattson.
7:26 of 1st period - Stopped by Sami Aittokallio with a rebound.
7:28 of 1st period - Slapshot by J.T. Brown.
7:28 of 1st period - Shot Misses the Net.
7:51 of 1st period - Hudson Fasching is hit by Joey Laleggia and loses puck.
8:12 of 1st period - Wrist shot by A.J. Jenks.
8:12 of 1st period - Stopped by Mark Visentin with a rebound.
8:31 of 1st period - Snap shot by Jamie McGinn.
8:31 of 1st period - Stopped by Mark Visentin without a rebound.
8:32 of 1st period - Vincent Dunn wins face-off versus Michael Chaput in Icehogs zone.
8:43 of 1st period - Snap shot by Austin Wuthrich.
8:43 of 1st period - Stopped by Mark Visentin without a rebound.
8:44 of 1st period - Zach Stepan wins face-off versus Frederik Gauthier in Icehogs zone.
8:51 of 1st period - Slapshot by Andrew Mangiapane.
8:51 of 1st period - Shot Blocked by Joshua Leivo.
9:16 of 1st period - Wrist shot by Austin Czarnik.
9:16 of 1st period - Stopped by Mark Visentin without a rebound.
9:17 of 1st period - Tanner Richard wins face-off versus Sam Carrick in Icehogs zone.
9:22 of 1st period - Snap shot by Nicolas Aube-Kubel.
9:22 of 1st period - Goal by Nicolas Aube-Kubel - Icehogs : 0 - Bears : 1.
9:23 of 1st period - Sam Carrick wins face-off versus Frederik Gauthier in neutral zone.
9:28 of 1st period - Slapshot by Joey Laleggia.
9:28 of 1st period - Shot Misses the Net.
9:42 of 1st period - Derek Forbort is hit by Andrew Mangiapane and loses puck.
11:00 of 1st period - Snap shot by J.T. Brown.
11:00 of 1st period - Shot Misses the Net.
11:06 of 1st period - Frederik Gauthier is hit by A.J. Jenks.
11:40 of 1st period - Snap shot by Dillon Dube.
11:40 of 1st period - Shot Blocked by Austin Czarnik.
12:45 of 1st period - Off-side.
12:46 of 1st period - Austin Czarnik wins face-off versus Tanner Richard in neutral zone.
12:49 of 1st period - Tanner Richard is hit by Angelo Esposito and loses puck.
13:31 of 1st period - Austin Czarnik is hit by Mikhail Grigorenko and loses puck.
14:20 of 1st period - Tanner Richard is hit by Mike Hoffman and loses puck.
14:31 of 1st period - Slapshot by Mikhail Grigorenko.
14:31 of 1st period - Shot Misses the Net.
14:47 of 1st period - Backhand shot by Tanner Richard.
14:47 of 1st period - Shot Misses the Net.
14:49 of 1st period - Slapshot by Mike Reilly.
14:49 of 1st period - Shot Blocked by Tommy Vannelli.
14:51 of 1st period - Snap shot by Tanner Richard.
14:51 of 1st period - Deflect By Mikhail Grigorenko.
14:51 of 1st period - Stopped by Sami Aittokallio with a rebound.
14:53 of 1st period - Slapshot by Tanner Richard.
14:53 of 1st period - Stopped by Sami Aittokallio without a rebound.
14:54 of 1st period - Sam Carrick wins face-off versus Frederik Gauthier in Bears zone.
15:21 of 1st period - Joey Laleggia is hit by Duncan Siemens.
15:25 of 1st period - Snap shot by Michael Chaput.
15:25 of 1st period - Stopped by Sami Aittokallio without a rebound.
15:26 of 1st period - Zach Stepan wins face-off versus Michael Chaput in Bears zone.
16:00 of 1st period - Wrist shot by Frederik Gauthier.
16:00 of 1st period - Shot Misses the Net.
16:14 of 1st period - Derek Forbort is hit by Myles Bell and loses puck.
Goals for this period are 0 for Icehogs vs 1 for Bears.
Shots for this period are 9 for Icehogs vs 6 for Bears.

2nd period


0:01 of 2nd period - Sam Carrick wins face-off versus Frederik Gauthier in neutral zone.
0:10 of 2nd period - Backhand shot by Joey Laleggia.
0:10 of 2nd period - Shot Blocked by Andrew Mangiapane.
0:12 of 2nd period - Wrist shot by Nicolas Aube-Kubel.
0:12 of 2nd period - Deflect By A.J. Jenks.
0:12 of 2nd period - Deflect By Frederik Gauthier.
0:12 of 2nd period - Shot Misses the Net.
0:12 of 2nd period - Puck is out of play.
0:13 of 2nd period - Frederik Gauthier wins face-off versus Zach Stepan in Icehogs zone.
0:28 of 2nd period - Slapshot by Joey Laleggia.
0:28 of 2nd period - Stopped by Mark Visentin with a rebound.
1:03 of 2nd period - Mike Hoffman is hit by Mikhail Grigorenko and loses puck.
1:30 of 2nd period - Dillon Dube is hit by Jamie McGinn and loses puck.
3:16 of 2nd period - Off-side.
3:17 of 2nd period - Frederik Gauthier wins face-off versus Kerby Rychel in neutral zone.
3:26 of 2nd period - Snap shot by J.T. Brown.
3:26 of 2nd period - Shot Misses the Net.
3:28 of 2nd period - Snap shot by Andrew Mangiapane.
3:28 of 2nd period - Shot Blocked by Joshua Leivo.
3:30 of 2nd period - Slapshot by Julius Honka.
3:30 of 2nd period - Shot Misses the Net.
3:44 of 2nd period - Slapshot by Nick Paul.
3:44 of 2nd period - Shot Blocked by Joshua Leivo.
4:34 of 2nd period - Joey Laleggia is hit by J.T. Brown and loses puck.
4:51 of 2nd period - Wrist shot by Michael Chaput.
4:51 of 2nd period - Shot Misses the Net.
5:55 of 2nd period - Minor Penalty to Hudson Fasching for High sticking.
5:56 of 2nd period - Sam Carrick wins face-off versus Frederik Gauthier in Icehogs zone.
5:58 of 2nd period - Wrist shot by Joshua Leivo.
5:58 of 2nd period - Shot Misses the Net.
6:00 of 2nd period - Snap shot by Mikko Vainonen.
6:00 of 2nd period - Stopped by Mark Visentin with a rebound.
6:02 of 2nd period - Wrist shot by Sam Carrick.
6:02 of 2nd period - Shot Misses the Net.
6:04 of 2nd period - Snap shot by A.J. Jenks.
6:04 of 2nd period - Shot Misses the Net.
6:06 of 2nd period - Snap shot by Sam Carrick.
6:06 of 2nd period - Shot Misses the Net.
6:27 of 2nd period - Slapshot by Austin Czarnik.
6:27 of 2nd period - Goal by Austin Czarnik - Icehogs : 0 - Bears : 2.
6:28 of 2nd period - Frederik Gauthier wins face-off versus Sam Carrick in neutral zone.
7:00 of 2nd period - Wrist shot by Kerby Rychel.
7:00 of 2nd period - Shot Misses the Net.
7:06 of 2nd period - Wrist shot by Kerby Rychel.
7:06 of 2nd period - Stopped by Mark Visentin with a rebound.
7:45 of 2nd period - Snap shot by Frederik Gauthier.
7:45 of 2nd period - Stopped by Sami Aittokallio without a rebound.
7:46 of 2nd period - A.J. Jenks wins face-off versus Frederik Gauthier in Bears zone.
8:19 of 2nd period - Wrist shot by Mikhail Grigorenko.
8:19 of 2nd period - Stopped by Sami Aittokallio with a rebound.
8:21 of 2nd period - Backhand shot by Nick Mattson.
8:21 of 2nd period - Shot Blocked by Mikko Vainonen.
8:23 of 2nd period - Slapshot by Mike Reilly.
8:23 of 2nd period - Stopped by Sami Aittokallio without a rebound.
8:24 of 2nd period - Frederik Gauthier wins face-off versus Sam Carrick in Bears zone.
8:39 of 2nd period - Snap shot by A.J. Jenks.
8:39 of 2nd period - Stopped by Mark Visentin without a rebound.
8:40 of 2nd period - Zach Stepan wins face-off versus Tanner Richard in Icehogs zone.
9:42 of 2nd period - Snap shot by Austin Czarnik.
9:42 of 2nd period - Goal by Austin Czarnik - Icehogs : 0 - Bears : 3.
9:43 of 2nd period - Sam Carrick wins face-off versus Frederik Gauthier in neutral zone.
9:58 of 2nd period - Wrist shot by J.T. Brown.
9:58 of 2nd period - Stopped by Sami Aittokallio without a rebound.
9:59 of 2nd period - Tanner Richard wins face-off versus Zach Stepan in Bears zone.
10:00 of 2nd period - Snap shot by Hudson Fasching.
10:00 of 2nd period - Shot Misses the Net.
10:02 of 2nd period - Slapshot by Hudson Fasching.
10:02 of 2nd period - Goal by Hudson Fasching - Icehogs : 1 - Bears : 3.
10:03 of 2nd period - Frederik Gauthier wins face-off versus Sam Carrick in neutral zone.
10:18 of 2nd period - Slapshot by J.T. Brown.
10:18 of 2nd period - Stopped by Sami Aittokallio without a rebound.
10:19 of 2nd period - Zach Stepan wins face-off versus Tanner Richard in Bears zone.
10:30 of 2nd period - Wrist shot by Kerby Rychel.
10:30 of 2nd period - Shot Misses the Net.
10:44 of 2nd period - Derek Forbort is hit by J.T. Brown and loses puck.
10:49 of 2nd period - Wrist shot by Frederik Gauthier.
10:49 of 2nd period - Stopped by Sami Aittokallio without a rebound.
10:50 of 2nd period - Frederik Gauthier wins face-off versus Sam Carrick in Bears zone.
10:55 of 2nd period - Wrist shot by Frederik Gauthier.
10:55 of 2nd period - Stopped by Sami Aittokallio with a rebound.
10:57 of 2nd period - Snap shot by J.T. Brown.
10:57 of 2nd period - Shot Misses the Net.
10:59 of 2nd period - Slapshot by Jeremy Davies.
10:59 of 2nd period - Shot Misses the Net.
11:01 of 2nd period - Wrist shot by Andrew Mangiapane.
11:01 of 2nd period - Shot Misses the Net.
11:03 of 2nd period - Wrist shot by Frederik Gauthier.
11:03 of 2nd period - Deflect By J.T. Brown.
11:03 of 2nd period - Shot Blocked by Nicolas Aube-Kubel.
11:03 of 2nd period - Puck is out of play.
11:04 of 2nd period - Zach Stepan wins face-off versus Frederik Gauthier in Bears zone.
11:33 of 2nd period - Off-side.
11:34 of 2nd period - Sam Carrick wins face-off versus Tanner Richard in neutral zone.
11:37 of 2nd period - Mikhail Grigorenko is hit by A.J. Jenks and loses puck.
11:55 of 2nd period - Wrist shot by Zach Stepan.
11:55 of 2nd period - Shot Misses the Net.
11:57 of 2nd period - Wrist shot by Joshua Leivo.
11:57 of 2nd period - Stopped by Mark Visentin without a rebound.
11:58 of 2nd period - Frederik Gauthier wins face-off versus Zach Stepan in Icehogs zone.
12:07 of 2nd period - Slapshot by J.T. Brown.
12:07 of 2nd period - Stopped by Sami Aittokallio with a rebound.
12:23 of 2nd period - Derek Forbort is hit by Dillon Dube and loses puck.
13:11 of 2nd period - Snap shot by Mike Hoffman.
13:11 of 2nd period - Shot Misses the Net.
13:13 of 2nd period - Snap shot by Austin Czarnik.
13:13 of 2nd period - Stopped by Mark Visentin with a rebound.
13:15 of 2nd period - Slapshot by Mikko Vainonen.
13:15 of 2nd period - Shot Blocked by Patrick Sieloff.
13:17 of 2nd period - Slapshot by Tommy Vannelli.
13:17 of 2nd period - Deflect By Austin Czarnik.
13:17 of 2nd period - Shot Blocked by Patrick Sieloff.
13:17 of 2nd period - Puck is out of play.
13:18 of 2nd period - Frederik Gauthier wins face-off versus Sam Carrick in Icehogs zone.
13:18 of 2nd period - Frederik Gauthier is hit by Nicolas Aube-Kubel.
13:28 of 2nd period - Wrist shot by Frederik Gauthier.
13:28 of 2nd period - Stopped by Sami Aittokallio with a rebound.
13:34 of 2nd period - Wrist shot by Frederik Gauthier.
13:34 of 2nd period - Goal by Frederik Gauthier - Icehogs : 2 - Bears : 3.
13:35 of 2nd period - Frederik Gauthier wins face-off versus Sam Carrick in neutral zone.
13:49 of 2nd period - Wrist shot by J.T. Brown.
13:49 of 2nd period - Stopped by Sami Aittokallio without a rebound.
13:50 of 2nd period - Hudson Fasching wins face-off versus Angelo Esposito in Bears zone.
14:23 of 2nd period - Minor Penalty to Andrew Mangiapane for Interference.
14:24 of 2nd period - Frederik Gauthier wins face-off versus Sam Carrick in Icehogs zone.
15:19 of 2nd period - Slapshot by Austin Czarnik.
15:19 of 2nd period - Shot Blocked by Julius Honka.
15:21 of 2nd period - Snap shot by Joey Laleggia.
15:21 of 2nd period - Shot Blocked by Julius Honka.
15:23 of 2nd period - Slapshot by Derek Forbort.
15:23 of 2nd period - Shot Blocked by J.T. Brown.
15:25 of 2nd period - Snap shot by Zach Stepan.
15:25 of 2nd period - Shot Blocked by Patrick Sieloff.
15:27 of 2nd period - Snap shot by Joey Laleggia.
15:27 of 2nd period - Shot Blocked by Julius Honka.
15:29 of 2nd period - Slapshot by Joey Laleggia.
15:29 of 2nd period - Shot Blocked by Julius Honka.
15:31 of 2nd period - Snap shot by Zach Stepan.
15:31 of 2nd period - Shot Misses the Net.
15:33 of 2nd period - Slapshot by Joey Laleggia.
15:33 of 2nd period - Stopped by Mark Visentin without a rebound.
15:34 of 2nd period - Sam Carrick wins face-off versus Frederik Gauthier in Icehogs zone.
16:23 of 2nd period - Penalty to Andrew Mangiapane is over, Andrew Mangiapane is back on ice.
16:29 of 2nd period - Wrist shot by Michael Chaput.
16:29 of 2nd period - Shot Hit the Post.
16:39 of 2nd period - Snap shot by Julius Honka.
16:39 of 2nd period - Shot Blocked by Tommy Vannelli.
16:49 of 2nd period - Patrick Sieloff is hit by Mikko Vainonen and loses puck.
17:04 of 2nd period - Slapshot by Jamie McGinn.
17:04 of 2nd period - Shot Misses the Net.
17:06 of 2nd period - Snap shot by Jamie McGinn.
17:06 of 2nd period - Stopped by Mark Visentin with a rebound.
17:08 of 2nd period - Slapshot by Jamie McGinn.
17:08 of 2nd period - Stopped by Mark Visentin with a rebound.
17:16 of 2nd period - Snap shot by Michael Chaput.
17:16 of 2nd period - Stopped by Sami Aittokallio without a rebound.
17:17 of 2nd period - Angelo Esposito wins face-off versus Tanner Richard in Bears zone.
17:17 of 2nd period - Angelo Esposito is hit by Hudson Fasching.
18:10 of 2nd period - Joey Laleggia is hit by Michael Chaput and loses puck.
19:09 of 2nd period - Wrist shot by Michael Chaput.
19:09 of 2nd period - Deflect By A.J. Jenks.
19:09 of 2nd period - Stopped by Sami Aittokallio with a rebound.
19:11 of 2nd period - Snap shot by Michael Chaput.
19:11 of 2nd period - Shot Blocked by Gianluca Curcuruto.
19:13 of 2nd period - Slapshot by Duncan Siemens.
19:13 of 2nd period - Deflect By Michael Chaput.
19:13 of 2nd period - Stopped by Sami Aittokallio with a rebound.
19:27 of 2nd period - Snap shot by Austin Czarnik.
19:27 of 2nd period - Stopped by Mark Visentin with a rebound.
19:52 of 2nd period - Wrist shot by Myles Bell.
19:52 of 2nd period - Stopped by Sami Aittokallio with a rebound.
19:54 of 2nd period - Slapshot by Jeremy Davies.
19:54 of 2nd period - Shot Blocked by Tommy Vannelli.
Goals for this period are 2 for Icehogs vs 2 for Bears.
Shots for this period are 16 for Icehogs vs 12 for Bears.

3rd period


0:01 of 3rd period - Frederik Gauthier wins face-off versus Sam Carrick in neutral zone.
0:41 of 3rd period - Snap shot by Joshua Leivo.
0:41 of 3rd period - Stopped by Mark Visentin without a rebound.
0:42 of 3rd period - Frederik Gauthier wins face-off versus Angelo Esposito in Icehogs zone.
0:42 of 3rd period - Frederik Gauthier is hit by Austin Czarnik.
0:56 of 3rd period - Snap shot by Austin Czarnik.
0:56 of 3rd period - Stopped by Mark Visentin without a rebound.
0:57 of 3rd period - Sam Carrick wins face-off versus Tanner Richard in Icehogs zone.
1:02 of 3rd period - Wrist shot by Nicolas Aube-Kubel.
1:02 of 3rd period - Shot Misses the Net.
3:03 of 3rd period - Andrew Mangiapane is hit by Sam Carrick and loses puck.
3:20 of 3rd period - Snap shot by Michael Chaput.
3:20 of 3rd period - Shot Misses the Net.
3:22 of 3rd period - Slapshot by Jeremy Davies.
3:22 of 3rd period - Deflect By Michael Chaput.
3:22 of 3rd period - Stopped by Sami Aittokallio with a rebound.
3:24 of 3rd period - Wrist shot by Nick Paul.
3:24 of 3rd period - Stopped by Sami Aittokallio with a rebound.
3:26 of 3rd period - Slapshot by Nikita Scherbak.
3:26 of 3rd period - Goal by Nikita Scherbak - Icehogs : 3 - Bears : 3.
3:27 of 3rd period - Frederik Gauthier wins face-off versus Joshua Leivo in neutral zone.
3:30 of 3rd period - Zach Stepan is hit by Frederik Gauthier and loses puck.
4:01 of 3rd period - Wrist shot by Tanner Richard.
4:01 of 3rd period - Stopped by Sami Aittokallio without a rebound.
4:02 of 3rd period - Tanner Richard wins face-off versus Sam Carrick in Bears zone.
4:07 of 3rd period - Snap shot by Hudson Fasching.
4:07 of 3rd period - Stopped by Sami Aittokallio with a rebound.
4:51 of 3rd period - Snap shot by Joshua Leivo.
4:51 of 3rd period - Stopped by Mark Visentin with a rebound.
4:53 of 3rd period - Slapshot by Derek Forbort.
4:53 of 3rd period - Stopped by Mark Visentin with a rebound.
4:55 of 3rd period - Snap shot by Derek Forbort.
4:55 of 3rd period - Shot Blocked by Nikita Scherbak.
4:57 of 3rd period - Slapshot by Derek Forbort.
4:57 of 3rd period - Stopped by Mark Visentin with a rebound.
4:59 of 3rd period - Slapshot by Joey Laleggia.
4:59 of 3rd period - Shot Misses the Net.
5:17 of 3rd period - Myles Bell is hit by Derek Forbort and loses puck.
5:36 of 3rd period - Snap shot by Mike Hoffman.
5:36 of 3rd period - Stopped by Mark Visentin with a rebound.
5:38 of 3rd period - Slapshot by Angelo Esposito.
5:38 of 3rd period - Stopped by Mark Visentin with a rebound.
5:40 of 3rd period - Snap shot by Angelo Esposito.
5:40 of 3rd period - Stopped by Mark Visentin with a rebound.
7:20 of 3rd period - Mikko Vainonen is hit by Calle Andersson and loses puck.
8:08 of 3rd period - Snap shot by Myles Bell.
8:08 of 3rd period - Stopped by Sami Aittokallio with a rebound.
9:02 of 3rd period - Jeremy Davies is hit by Joey Laleggia and loses puck.
9:30 of 3rd period - Snap shot by Sam Carrick.
9:30 of 3rd period - Stopped by Mark Visentin without a rebound.
9:31 of 3rd period - Sam Carrick wins face-off versus Frederik Gauthier in Icehogs zone.
9:34 of 3rd period - Snap shot by Nicolas Aube-Kubel.
9:34 of 3rd period - Stopped by Mark Visentin without a rebound.
9:35 of 3rd period - Frederik Gauthier wins face-off versus Sam Carrick in Icehogs zone.
9:37 of 3rd period - Icing by Nick Mattson.
9:38 of 3rd period - Sam Carrick wins face-off versus Frederik Gauthier in Icehogs zone.
9:41 of 3rd period - Wrist shot by A.J. Jenks.
9:41 of 3rd period - Shot Misses the Net.
9:47 of 3rd period - Sam Carrick is hit by Andrew Mangiapane and loses puck.
9:54 of 3rd period - Slapshot by J.T. Brown.
9:54 of 3rd period - Stopped by Sami Aittokallio with a rebound.
10:26 of 3rd period - Wrist shot by Michael Chaput.
10:26 of 3rd period - Shot Misses the Net.
10:28 of 3rd period - Backhand shot by Nick Mattson.
10:28 of 3rd period - Shot Misses the Net.
10:30 of 3rd period - Slapshot by Mike Reilly.
10:30 of 3rd period - Stopped by Sami Aittokallio with a rebound.
10:46 of 3rd period - Minor Penalty to Derek Forbort for High sticking.
10:47 of 3rd period - Nicolas Aube-Kubel wins face-off versus Frederik Gauthier in Bears zone.
11:00 of 3rd period - Wrist shot by Frederik Gauthier.
11:00 of 3rd period - Shot Misses the Net.
11:02 of 3rd period - Slapshot by Patrick Sieloff.
11:02 of 3rd period - Stopped by Sami Aittokallio with a rebound.
11:20 of 3rd period - Joey Laleggia is hit by Hudson Fasching and loses puck.
12:46 of 3rd period - Penalty to Derek Forbort is over, Derek Forbort is back on ice.
13:00 of 3rd period - Wrist shot by Jamie McGinn.
13:00 of 3rd period - Goal by Jamie McGinn - Icehogs : 3 - Bears : 4.
13:01 of 3rd period - Frederik Gauthier wins face-off versus Zach Stepan in neutral zone.
13:05 of 3rd period - Minor Penalty to Mike Reilly for Holding.
13:06 of 3rd period - Frederik Gauthier wins face-off versus Sam Carrick in Icehogs zone.
13:17 of 3rd period - Slapshot by Joey Laleggia.
13:17 of 3rd period - Shot Blocked by Tanner Richard.
13:19 of 3rd period - Slapshot by Joshua Leivo.
13:19 of 3rd period - Shot Misses the Net.
13:40 of 3rd period - Snap shot by Austin Czarnik.
13:40 of 3rd period - Shot Misses the Net.
15:05 of 3rd period - Penalty to Mike Reilly is over, Mike Reilly is back on ice.
15:13 of 3rd period - Tommy Vannelli is hit by Michael Chaput and loses puck.
15:18 of 3rd period - Snap shot by Michael Chaput.
15:18 of 3rd period - Shot Misses the Net.
15:20 of 3rd period - Snap shot by Michael Chaput.
15:20 of 3rd period - Stopped by Sami Aittokallio without a rebound.
15:21 of 3rd period - Vincent Dunn wins face-off versus Dillon Dube in Bears zone.
15:29 of 3rd period - Snap shot by Patrick Russell.
15:29 of 3rd period - Shot Blocked by Gianluca Curcuruto.
15:31 of 3rd period - Slapshot by Patrick Sieloff.
15:31 of 3rd period - Shot Blocked by Gianluca Curcuruto.
15:33 of 3rd period - Slapshot by Patrick Russell.
15:33 of 3rd period - Goal by Patrick Russell - Icehogs : 4 - Bears : 4.
15:34 of 3rd period - Sam Carrick wins face-off versus Michael Chaput in neutral zone.
15:42 of 3rd period - Slapshot by Sam Carrick.
15:42 of 3rd period - Stopped by Mark Visentin with a rebound.
16:06 of 3rd period - Wrist shot by Angelo Esposito.
16:06 of 3rd period - Stopped by Mark Visentin with a rebound.
16:08 of 3rd period - Slapshot by Derek Forbort.
16:08 of 3rd period - Deflect By Austin Czarnik.
16:08 of 3rd period - Stopped by Mark Visentin without a rebound.
16:09 of 3rd period - Frederik Gauthier wins face-off versus Angelo Esposito in Icehogs zone.
16:34 of 3rd period - Sam Carrick is hit by Nikita Scherbak and loses puck.
16:59 of 3rd period - Hudson Fasching is hit by Kerby Rychel and loses puck.
17:19 of 3rd period - Minor Penalty to Joey Laleggia for Holding.
17:20 of 3rd period - Nicolas Aube-Kubel wins face-off versus Frederik Gauthier in Bears zone.
17:28 of 3rd period - Slapshot by Frederik Gauthier.
17:28 of 3rd period - Stopped by Sami Aittokallio with a rebound.
17:46 of 3rd period - Derek Forbort is hit by Mike Reilly and loses puck.
19:13 of 3rd period - Andrew Mangiapane is hit by Sam Carrick and loses puck.
19:19 of 3rd period - Penalty to Joey Laleggia is over, Joey Laleggia is back on ice.
19:20 of 3rd period - Wrist shot by Mike Hoffman.
19:20 of 3rd period - Stopped by Mark Visentin with a rebound.
19:22 of 3rd period - Slapshot by Mikko Vainonen.
19:22 of 3rd period - Deflect By Frederik Gauthier.
19:22 of 3rd period - Stopped by Mark Visentin with a rebound.
19:24 of 3rd period - Snap shot by Mike Hoffman.
19:24 of 3rd period - Shot Misses the Net.
19:26 of 3rd period - Slapshot by Mike Hoffman.
19:26 of 3rd period - Goal by Mike Hoffman - Icehogs : 4 - Bears : 5.
19:27 of 3rd period - J.T. Brown wins face-off versus Sam Carrick in neutral zone.
19:30 of 3rd period - Icehogs, Mark Visentin is pulled from the net.
Goals for this period are 2 for Icehogs vs 2 for Bears.
Shots for this period are 12 for Icehogs vs 17 for Bears.